 Dungeon Crawl Stone Soup version 0.29.1-13-g9f3cf754e1 (webtiles) character file.

Game seed: 2412930330176714885

124 Thatpatchoflichen the Shooter (level 5, 0/39 (41) HPs)
             Began as a Human Hunter on Feb 8, 2023.
             Slain by a necrophage (6 damage)
             ... on level 3 of the Dungeon.
             The game lasted 00:08:44 (2208 turns).

Thatpatchoflichen the Shooter (Human Hunter)        Turns: 2208, Time: 00:08:44

HP:   0/39 (41)     AC:  7    Str: 17    XL:     5   Next: 30%
MP:   5/5           EV: 12    Int: 10    God:
Gold: 110           SH:  0    Dex: 18    Spells: 4/4 levels left

rFire   + . .      SeeInvis .   a - +0 shortbow
rCold   . . .      Faith    .   (shield currently unavailable)
rNeg    . . .      Spirit   .   q - +0 swamp dragon scales
rPois   +          Reflect  .   (no helmet)
rElec   .          Harm     .   (no cloak)
rCorr   .          Rampage  .   (no gloves)
Will    .....                   (no boots)
Stlth   +.........              (no amulet)
HPRegen 0.13/turn               k - ring of protection from fire
MPRegen 0.09/turn               p - +6 ring of strength

@: lightly drained
A: no striking features
a: no special abilities


You were on level 3 of the Dungeon.
You visited 1 branch of the dungeon, and saw 4 of its levels.

You collected 110 gold pieces.

Inventory:

Hand Weapons
 a - a +0 shortbow (weapon)
Missiles
 e - 6 boomerangs
 r - 4 javelins
Armour
 q - +0 swamp dragon scales (worn)
 t - the +0 ring mail "Qukio" {rF- Int+4 SInv}
   (You found it on level 3 of the Dungeon)

   Int:       It affects your intelligence (+4).
   rF:        It makes you vulnerable to fire.
   SInv:      It lets you see invisible.
Jewellery
 k - a ring of protection from fire (left hand)
 p - a +6 ring of strength (right hand)
Scrolls
 b - a scroll of immolation
 c - a scroll of amnesia {unknown}
 d - 2 scrolls of butterflies {unknown}
 h - 2 scrolls of identify {unknown}
 m - 2 scrolls of enchant weapon {unknown}
 n - a scroll of teleportation {unknown}
 s - a scroll of poison {unknown}
Potions
 f - a potion of resistance {unknown}
 g - a potion of flight {unknown}
 i - 3 potions of degeneration {unknown}
 j - 2 potions of curing {unknown}
 l - a potion of heal wounds {unknown}
 o - 2 potions of invisibility {unknown}
 u - a potion of brilliance {unknown}
 v - a potion of attraction {unknown}


   Skills:
 + Level 3.2 Fighting
 + Level 4.6 Ranged Weapons
 + Level 1.4 Armour
 + Level 3.1 Dodging
 - Level 1.0 Stealth


You had 4 spell levels left.
You didn't know any spells.
Your spell library was empty.

Dungeon Overview and Level Annotations

Branches:
Dungeon (4/15)
 Temple: D:4-7

Altars:

Shops:
D:2 *

Annotations:
D:2 Sigmund


Message History

Beogh smites you! The orc barely misses you.
The necrophage hits you but does no damage.
Fire: a) +0 shortbow
Press: ? - help, Q - select action, (/) - cycle Shift-Dir - straight line, f/p - orc priest
Aim: an orc priest, wielding a +0 hand axe (severely wounded, 64% to hit)
You shoot an arrow.
The arrow closely misses the orc priest.
The orc priest mumbles some strange prayers to Beogh against you.
Pain shoots through your body!
* * * LOW HITPOINT WARNING * * *
The orc closely misses you. The necrophage barely misses you.
The orc priest misses you. The orc hits you but does no damage.
The necrophage hits you.
* * * LOW HITPOINT WARNING * * *
You feel drained.
Unknown command.
Fire: a) +0 shortbow
Press: ? - help, Q - select action, (/) - cycle Shift-Dir - straight line, f/p - orc priest
Aim: an orc priest, wielding a +0 hand axe (severely wounded, 64% to hit)
You shoot an arrow.
The arrow hits the orc priest but does no damage.
The orc priest is severely wounded.
The orc priest looks encouraged for a moment.
The orc hits you but does no damage. The necrophage hits you.
* * * LOW HITPOINT WARNING * * *
Fire: a) +0 shortbow
Press: ? - help, Q - select action, (/) - cycle Shift-Dir - straight line, f/p - orc priest
Aim: an orc priest, wielding a +0 hand axe (severely wounded, 64% to hit)
You shoot an arrow. The arrow hits the orc priest.
The orc priest is severely wounded.
The orc priest misses you. The orc closely misses you.
The necrophage closely misses you.
Fire: a) +0 shortbow
Press: ? - help, Q - select action, (/) - cycle Shift-Dir - straight line, f/p - orc priest
Aim: an orc priest, wielding a +0 hand axe (severely wounded, 64% to hit)
You shoot an arrow. The arrow hits the orc priest.
You kill the orc priest!
The orc barely misses you. The necrophage closely misses you.
The orc misses you. The necrophage hits you.
You die...

####### #......
####.#####
#########.##.##
#on....).#....#
#@#####.###...# #)#
##.#....# #.##
##.##### ### #..# ###
##.## ##.#
##.#.####### #.# #
#.###......# ####.# #
##.#..####.###~~≈.####
#
##.#....~~≈~~~......#
##########


You could see a necrophage and an orc.

Vanquished Creatures
  An orc priest (D:3)
  5 gnolls (D:3)
  2 adders (D:3)
  A dart slug (D:1)
  2 orcs (D:3)
  9 ball pythons
  4 endoplasms
  3 giant cockroaches
  5 hobgoblins
  7 jackals
  2 kobolds
  2 quokkas (D:3)
  3 bats
  3 frilled lizards
  3 goblins (D:3)
  2 rats
54 creatures vanquished.

Notes
Turn   | Place    | Note
-------+----------+-------------------------------------------
     0 | D:1      | Thatpatchoflichen the Human Hunter began the quest for the
                  | Orb.
     0 | D:1      | Reached XP level 1. HP: 16/16 MP: 1/1
   161 | D:1      | Reached XP level 2. HP: 22/22 MP: 2/2
   466 | D:2      | Reached XP level 3. HP: 28/28 MP: 3/3
   512 | D:1      | You fall into a shaft and drop 1 floor!
   525 | D:2      | Found Lemeawegh's Assorted Antiques.
   560 | D:2      | Noticed Sigmund
  1041 | D:3      | Identified the +0 ring mail "Qukio" {rF- Int+4 SInv}
  1232 | D:3      | Reached XP level 4. HP: 34/34 MP: 4/4
  1251 | D:3      | Reached skill level 1 in Armour
  1784 | D:3      | Reached XP level 5. HP: 34/41 MP: 5/5
  1802 | D:3      | HP: 2/41 [gnoll/+0 halberd (5)]
  2208 | D:3      | Slain by a necrophage

Illustrated notes

Levels and vault maps discovered:
D:1:      scummos_arrival_checkerplants, layout_basic, feat_on_display
D:2:      layout_rooms, serial_shops, nicolae_shop_hallway_plus, minivault_24,
          uniq_sigmund
D:3:      minmay_diamond_boxcup, layout_loops_ring, minmay_misc_feat_nine_boxes,
          chequers_serial_rivers_small_a
D:4:      layout_loops_corners, general_overflow_altar, grunt_ministairs_1,
          dreamdust_princess_bridge, minmay_bent, uniq_pikel, uniq_duvessa

Skill      XL: |  1  2  3  4 |
---------------+-------------+-----
Armour         | 1 |  1.4
Fighting       | 3 |  3.2
Dodging        | 3 |  3.1
Ranged Weapons | |  4.6
Stealth        | |  1.0

Action                   |  1- 3 |  4- 6 || total
-------------------------+-------+-------++-------
 Fire: Shortbow          |    85 |    69 ||   154
Armor: Leather armour    |     6 |       ||     6
       Swamp dragon scal |     6 |    27 ||    33
Dodge: Dodged            |    30 |    70 ||   100
